 Dungeon Crawl Stone Soup version 0.27.0-1-g7a089689b8 (webtiles) character file.

Game seed: 10692619032570883091

3337 jasper the Fighter (level 9, -17/78 HPs)
             Began as a Demonspawn Transmuter on Aug 9, 2021.
             Was a Follower of Cheibriados.
             Demolished by Menkaure (20 damage)
             ... on level 5 of the Dungeon.
             The game lasted 00:15:21 (10956 turns).

jasper the Fighter (Demonspawn Transmuter)         Turns: 10956, Time: 00:15:23

Health: -17/78     AC:  4    Str: 13    XL:     9   Next: 72%
Magic:  11/12      EV: 12    Int: 19    God:    Cheibriados [*.....]
Gold:   332        SH:  0    Dex: 20    Spells: 1/12 levels left

rFire    + . .     SeeInvis .     - Unarmed
rCold    + . .     Faith    .   (no shield)
rNeg     . . .     Spirit   .   f - +1 robe {rC+ rF+}
rPois    .         Reflect  .   (helmet restricted)
rElec    .         Harm     .   x - +0 cloak
rCorr    .         Rampage  .   (no gloves)
Will     .....                  (no boots)
Stlth    ++++......             (no amulet)
HPRegen  0.23/turn              (no ring)
MPRegen  0.13/turn              (no ring)

@: wereblooded, very slow
A: horns 1, thin skeletal structure 2, foul stench 2, powered by death 1
a: Renounce Religion, Bend Time


You were on level 5 of the Dungeon.
You worshipped Cheibriados.
Cheibriados was aware of your devotion.
You visited 2 branches of the dungeon, and saw 9 of its levels.

You collected 332 gold pieces.

Inventory:

Hand Weapons
 b - a +2 dagger of freezing
 i - a +1 dagger of venom
Missiles
 h - 269 stones
Armour
 a - a +0 robe
 d - a +0 leather armour
 f - a +1 robe of resistance (worn)
 o - a +1 helmet
 x - a +0 cloak (worn)
Magical Staves
 t - a staff of earth
Jewellery
 w - a +4 ring of slaying
Wands
 k - a wand of polymorph (5)
 p - a wand of acid (3)
 q - a wand of flame (19)
 v - a wand of iceblast (1)
Scrolls
 c - 2 scrolls of amnesia
 j - 2 scrolls of magic mapping
 l - 5 scrolls of teleportation
 y - a scroll of fear
Potions
 e - a potion of cancellation
 g - 3 potions of brilliance
 m - 2 potions of degeneration {unknown}
 n - a potion of mutation {unknown}
 r - 2 potions of curing {unknown}
 s - a potion of haste {unknown}
 u - a potion of flight {unknown}


   Skills:
 + Level 9.8 Fighting
 - Level 1.7 Dodging
 + Level 9.4 Unarmed Combat
 - Level 2.0 Spellcasting
 - Level 1.7 Transmutations


You had one spell level left.
You knew the following spells:

 Your Spells              Type           Power      Damage    Failure   Level
a - Passwall              Tmut/Erth      4%         N/A       19%         2
b - Wereblood             Tmut           8%         N/A       12%         2
c - Spider Form           Tmut/Pois      2%         N/A       34%         3
d - Ice Form              Ice/Tmut       5%         N/A       75%         4

Your spell library contained the following spells:

 Spells                   Type           Power      Damage    Failure   Level
 Beastly Appendage        Tmut           16%        N/A       9%          1
 Sting                    Tmut/Pois      20%        1d4       12%         1
 Shock                    Conj/Air       4%         1d3       17%         1
 Summon Small Mammal      Summ           4%         N/A       17%         1
 Poisonous Vapours        Pois/Air       2%         N/A       26%         2
 Call Canine Familiar     Summ           1%         N/A       45%         3
 Dazzling Flash           Conj/Hex       2%         N/A       45%         3
 Summon Guardian Golem    Hex/Summ       1%         N/A       45%         3
 Swiftness                Air            1%         N/A       45%         3
 Olgreb's Toxic Radiance  Pois           1%         N/A       86%         4
 Invisibility             Hex            0%         N/A       100%        6
 Infestation              Necr           0%         N/A       100%        8
 Necromutation            Tmut/Necr      2%         N/A       100%        8


Dungeon Overview and Level Annotations

Branches:
Dungeon (8/15)             Temple (1/1) D:7
   Lair: D:8-11

Altars:
Ashenzari
Cheibriados
Dithmenos
Elyvilon
Fedhas
Hepliaklqana
Kikubaaqudgha
Nemelex Xobeh
Okawaru
Qazlal
Ru
Sif Muna
Trog
Uskayaw
Xom
Yredelemnul
Zin

Annotations:
D:5 1 runed translucent door, exclusions: door, 2 lemures and ogre, Blork the orc, Crazy Yiuf, Menkaure, Pikel
D:6 exclusion: manticore


Innate Abilities, Weirdness & Mutations

You have a pair of small horns on your head.
You have a moderately thin skeletal structure. (Dex +4, Stealth++)
You sometimes emit foul miasma when damaged in melee.
You regenerate a little health from kills.


Message History

The ogre is heavily wounded.
The ogre hits you with a +0 giant club!
Menkaure blazes with dark energy!
You barely miss the ogre. You headbutt the ogre!
The ogre is severely wounded.
You completely miss the ogre.
The ogre is severely wounded.
Blork the orc casts a spell.
Blork the orc seems to speed up.
The ogre hits you with a +0 giant club.
Menkaure calls on the powers of darkness!
Blork the orc convulses!
The ogre convulses!
Your body is wracked with pain!
You punch the ogre!
You feel a bit better.
You kill the ogre!
Cheibriados appreciates the change of pace.
Menkaure casts a spell at you. Pain shoots through your body!
* * * LOW HITPOINT WARNING * * *
Menkaure hits you.
* * * LOW HITPOINT WARNING * * *
You emit a cloud of foul miasma!
Blork the orc looks satisfied for a moment.
You see here a +0 giant club.
You barely miss Menkaure. Menkaure casts a spell at you.
Pain shoots through your body!
* * * LOW HITPOINT WARNING * * *
Okay, then.
You hit Menkaure. You headbutt Menkaure.
Menkaure is moderately damaged.
Menkaure barely misses you.
You hit Menkaure but do no damage.
Menkaure is moderately damaged.
Menkaure calls on the powers of darkness!
Blork the orc convulses!
You feel a surge of unholy energy.
You punch Menkaure! You headbutt Menkaure.
You punch Menkaure, but do no damage.
Menkaure is almost destroyed.
You howl as the wereblood boils in your veins!
Menkaure hits you!!
You die...

#.##...<...# ..##
#.#........# ...+.
#.#........##########.).##
#.#..................O..##
#.#......(>.......... #
#.................. #
#.###+###.......... # #.
#.###.......... ### #
#..@Mo......... ..#
#####.......... #.#
########### #.# #.# #.#
##'# #... #... #..[


You could see Blork the orc (fast) and Menkaure (fast).

Vanquished Creatures
  Grinder (D:3)
  Eustachio (D:6)
  Duvessa (D:7)
  3 orc warriors (D:8)
  A water moccasin (D:8)
  3 sky beasts
  2 ice beasts
  A necrophage (D:6)
  An ogre (D:5)
  A centaur (D:7)
  5 scorpions
  Dowan (D:7)
  A wyvern skeleton (D:6)
  5 wights (D:7)
  A bullfrog zombie (D:6)
  4 centaur zombies
  A hound (D:7)
  3 orc priests
  2 centaur skeletons
  Terence (D:3)
  A gnoll shaman (D:8)
  4 iguanas
  16 orc wizards
  A killer bee zombie (D:6)
  A howler monkey zombie (D:8)
  11 gnolls
  5 adders
  A shadow imp (D:6)
  5 white imps
  An ufetubus (D:5)
  A worm (D:3)
  13 orcs
  3 ball pythons
  5 bats
  5 endoplasms
  2 giant cockroaches
  8 goblins
  8 hobgoblins
  13 jackals
  3 quokkas
  2 frilled lizards
  6 kobolds
  7 rats
161 creatures vanquished.

Vanquished Creatures (others)
  A hound (D:6)
  4 orc wizards
  An ufetubus (D:6)
  2 orcs (D:6)
8 creatures vanquished.

Grand Total: 169 creatures vanquished

Notes
Turn   | Place    | Note
-------+----------+-------------------------------------------
     0 | D:1      | jasper the Demonspawn Transmuter began the quest for the
                  | Orb.
     0 | D:1      | Reached XP level 1. HP: 15/15 MP: 3/3
   206 | D:1      | Gained mutation: You have a somewhat thin skeletal
                  | structure. (Dex +2, Stealth+) [demonic ancestry]
   206 | D:1      | Reached XP level 2. HP: 18/21 MP: 3/5
   262 | D:1      | Found a faded altar of an unknown god.
   772 | D:1      | Reached XP level 3. HP: 22/27 MP: 4/6
  2210 | D:3      | Noticed Terence
  2260 | D:2      | Learned a level 2 spell: Wereblood
  2264 | D:2      | Learned a level 3 spell: Spider Form
  2352 | D:3      | Noticed Grinder
  2367 | D:3      | Killed Grinder
  2368 | D:3      | Gained mutation: You regenerate a little health from kills.
                  | [demonic ancestry]
  2368 | D:3      | Reached XP level 4. HP: 3/37 MP: 7/7
  2368 | D:3      | Gained mutation: You may rarely emit foul miasma when
                  | damaged in melee. [demonic ancestry]
  2368 | D:3      | Reached XP level 5. HP: 3/42 MP: 8/8
  2727 | D:3      | Killed Terence
  2728 | D:3      | Reached XP level 6. HP: 31/48 MP: 7/9
  3564 | D:5      | Entered Level 5 of the Dungeon
  3605 | D:5      | Reached skill level 5 in Unarmed Combat
  3710 | D:5      | Noticed Menkaure
  4080 | D:4      | Reached skill level 5 in Fighting
  4364 | D:4      | Found a shimmering blue altar of Sif Muna.
  4465 | D:4      | Found a broken altar of Ashenzari.
  4811 | D:5      | Learned a level 2 spell: Passwall
  4850 | D:5      | Noticed Pikel
  4896 | D:5      | Gained mutation: You have a moderately thin skeletal
                  | structure. (Dex +4, Stealth++) [demonic ancestry]
  4896 | D:5      | Reached XP level 7. HP: 26/56 MP: 10/10
  6143 | D:6      | Gained mutation: You sometimes emit foul miasma when
                  | damaged in melee. [demonic ancestry]
  6143 | D:6      | Reached XP level 8. HP: 57/65 MP: 7/11
  6206 | D:6      | Found a shimmering altar of Xom.
  6230 | D:6      | Got the Compendium of Unholy Confrontation
  6451 | D:6      | Noticed Eustachio
  6495 | D:6      | Killed Eustachio
  6732 | D:6      | Noticed a manticore
  7267 | D:7      | Learned a level 4 spell: Ice Form
  7329 | D:7      | Noticed Duvessa
  7342 | D:7      | Noticed Dowan
  7351 | D:7      | Killed Duvessa
  7358 | D:7      | Killed Dowan
  7648 | D:7      | Found a sacrificial altar of Ru.
  7704 | D:7      | Found a hazy altar of Hepliaklqana.
  7705 | D:7      | Found a blossoming altar of Fedhas.
  7705 | D:7      | Found an ancient bone altar of Kikubaaqudgha.
  7835 | D:7      | HP: 4/88 [wight (3)]
  7838 | D:7      | Gained mutation: You have a pair of small horns on your
                  | head. [demonic ancestry]
  7838 | D:7      | Reached XP level 9. HP: 16/68 MP: 10/12
  8081 | D:7      | Found a staircase to the Ecumenical Temple.
  8154 | Temple   | Entered the Ecumenical Temple
  8203 | Temple   | Became a worshipper of Cheibriados the Contemplative
  9182 | D:8      | Reached * piety under Cheibriados
  9907 | D:8      | HP: 2/78 [something (6)]
 10796 | D:5      | Found a runed translucent door.
 10797 | D:5      | Noticed Crazy Yiuf
 10936 | D:5      | Noticed Blork the orc
 10953 | D:5      | HP: 3/78 [Menkaure/nerve-wracking pain (13)]
 10956 | D:5      | Demolished by Menkaure

Illustrated notes

Levels and vault maps discovered:
D:1:      dpeg_arrival_simpleton_c, layout_loops_ring,
          ebering_ecumenical_altar_rust
D:2:      layout_basic, minmay_fractal_squares_gapless_5
D:3:      layout_basic, uniq_terence, uniq_grinder
D:4:      layout_basic, lemuel_tele_altar, kennysheep_orc_sif_temple,
          serial_bayou_lagoon_b
D:5:      layout_basic, uniq_menkaure, uniq_ijyb, uniq_crazy_yiuf_cottage,
          uniq_pikel, uniq_blork_the_orc
D:6:      layout_loops_ring, xom_confusion_cloud, uniq_eustachio
D:7:      layout_basic, nicolae_ru_great_annihilating_truth,
          chequers_temple_overflow_statue_of_worship, temple_hall,
          enter_ossuary_2, uniq_duvessa
D:8:      minmay_flawed_box, layout_basic
Temple:   jpeg_temple_alley_garden

Skill      XL: |  1  2  3  4  5  6  7  8  9 |
---------------+----------------------------+-----
Unarmed Combat | 3 4 5 6 8 9 |  9.4
Fighting       | 2 4 5 6 8 9 |  9.8
Dodging        | |  1.7
Spellcasting   | |  2.0
Transmutations | |  1.7

Action                   |  1- 3 |  4- 6 |  7- 9 || total
-------------------------+-------+-------+-------++-------
Melee: Unarmed           |   114 |   166 |   362 ||   642
       Headbutt          |    14 |     8 |    30 ||    52
       Kick              |    19 |     1 |       ||    20
       Dagger            |     1 |       |       ||     1
       Punch             |     1 |     6 |    17 ||    24
 Cast: Beastly Appendage |    26 |     3 |       ||    29
       Wereblood         |       |    11 |    18 ||    29
Evoke: Wand              |       |       |     5 ||     5
  Use: Scroll            |     5 |     4 |     6 ||    15
       Potion            |     2 |     1 |     2 ||     5
 Stab: Sleeping          |     5 |     2 |    11 ||    18
       Distracted        |       |       |     1 ||     1
       Paralysed         |       |       |     1 ||     1
Armor: Leather armour    |    28 |    27 |    76 ||   131
       Robe              |     1 |       |     8 ||     9
       Skin              |       |       |     2 ||     2
Dodge: Dodged            |    50 |    85 |   193 ||   328
